 Dungeon Crawl Stone Soup version 0.21.1-1-g345015f (webtiles) character file.

463 sking99 the Cleaver (level 7, -3/57 HPs)
             Began as a Hill Orc Monk on June 23, 2018.
             Slain by an ogre
             ... wielding a +0 giant spiked club
              (29 damage)
             ... on level 4 of the Dungeon.
             The game lasted 00:08:58 (4599 turns).

sking99 the Cleaver (Hill Orc Monk)                 Turns: 4599, Time: 00:08:58

Health: -3/57      AC:  3    Str: 15    XL:     7   Next: 7%
Magic:  7/7        EV: 12    Int: 10    God:
Gold:   151        SH:  0    Dex: 14    Spells: 6/6 levels left

rFire    . . .     SeeInvis .   a - +0 hand axe
rCold    . . .     Gourm    .   (no shield)
rNeg     . . .     Faith    .   e - +0 leather armour
rPois    .         Spirit   .   (no helmet)
rElec    .         Reflect  .   (no cloak)
rCorr    .         Harm     .   (no gloves)
MR       .....                  (no boots)
Stlth    ++........             (no amulet)
HPRegen  0.19/turn              (no ring)
MPRegen  0.10/turn              (no ring)

@: no status effects
A: no striking features
a: no special abilities


You were on level 4 of the Dungeon.
You were hungry.

You visited 1 branch of the dungeon, and saw 4 of its levels.

You collected 151 gold pieces.

Inventory:

Hand Weapons
 a - a +0 hand axe (weapon)
Armour
 b - a +0 robe
 e - a +0 leather armour (worn)
Jewellery
 d - a cursed ring of loudness {unknown}
 k - a +4 ring of strength {unknown}
 o - a +3 ring of dexterity {unknown}
Wands
 n - a wand of paralysis (5)
Scrolls
 f - a scroll of random uselessness {unknown}
 h - 2 scrolls of teleportation {unknown}
 i - 2 scrolls of amnesia {unknown}
 j - 2 scrolls of identify {unknown}
 l - a scroll of fear {unknown}
 m - 2 scrolls of remove curse {unknown}
 r - a scroll of magic mapping {unknown}
Potions
 g - a potion of flight
 q - a potion of heal wounds
Comestibles
 c - a ration
 p - 5 chunks of flesh


   Skills:
 - Level 3.6 Fighting
 + Level 10.1 Axes
 - Level 2.4 Dodging
 - Level 1.5 Stealth


You had 6 spell levels left.
You didn't know any spells.

Dungeon Overview and Level Annotations

Branches:
Dungeon (4/15)
 Temple: D:4-7

Altars:
Ashenzari
Dithmenos
Elyvilon
Makhleb
Nemelex Xobeh
Uskayaw
Zin

Annotations:
D:3 theblackcape's ghost, amateur GnWn


Message History

You closely miss the ogre.
The ogre is moderately wounded.
You barely miss the ogre.
The ogre is moderately wounded.
The ogre hits you with a giant spiked club.
You hit the ogre.
The ogre is moderately wounded.
You hit the ogre.
The ogre is heavily wounded.
The ogre closely misses you.
You hit the ogre but do no damage.
The ogre is heavily wounded.
The ogre closely misses you.
You hit the ogre.
The ogre is heavily wounded.
You hit the ogre but do no damage.
The ogre is heavily wounded.
The ogre hits you with a giant spiked club!!
Ouch! That really hurt!
You die...

#' ###..##.## ###.
...... ... .... .....
... ... #...# #'##+# ..#
##...## ##.##.###..###
......# #............#
......# #....(.@.....#
......# #.....##O...##
'##..######....# ....#
.##..##.###....##.....'.
..#......#............#.
..#......'............#
###'#################...
..... .## .....


You could see an ogre.

Vanquished Creatures
  An ogre (D:4)
  A howler monkey (D:4)
  A hound (D:2)
  Jessica (D:2)
  A worker ant (D:4)
  Ijyb (D:4)
  4 orc wizards
  4 gnolls (D:4)
  An adder (D:3)
  An ooze (D:1)
  3 worms
  4 dart slugs
  A leopard gecko (D:2)
  8 orcs
  2 giant cockroaches (D:2)
  5 goblins
  9 hobgoblins
  2 quokkas
  2 ball pythons
  8 bats
  2 frilled lizards
  4 kobolds
  8 rats
74 creatures vanquished.

Notes
Turn   | Place    | Note
-------+----------+-------------------------------------------
     0 | D:1      | sking99 the Hill Orc Monk began the quest for the Orb.
     0 | D:1      | Reached XP level 1. HP: 19/19 MP: 1/1
   277 | D:1      | Reached XP level 2. HP: 26/26 MP: 2/2
   424 | D:1      | Reached skill level 5 in Axes
   726 | D:1      | Reached XP level 3. HP: 28/31 MP: 3/3
  1163 | D:2      | Found a shattered altar of Ashenzari.
  1214 | D:2      | Found a burning altar of Makhleb.
  1223 | D:2      | Reached skill level 6 in Axes
  1223 | D:2      | Reached XP level 4. HP: 11/39 MP: 4/4
  1451 | D:2      | Found a sparkling altar of Nemelex Xobeh.
  1604 | D:2      | Noticed Jessica
  1637 | D:2      | Killed Jessica
  1637 | D:2      | Reached skill level 7 in Axes
  1826 | D:2      | Found a burning altar of Makhleb.
  1826 | D:2      | Found a glowing silver altar of Zin.
  1827 | D:2      | Noticed an angel
  1827 | D:2      | Noticed a blizzard demon
  1865 | D:2      | Found a white marble altar of Elyvilon.
  2053 | D:3      | Reached XP level 5. HP: 27/45 MP: 5/5
  2077 | D:2      | HP: 2/45 [something (1)]
  2643 | D:3      | Found a hide-covered altar of Uskayaw.
  2652 | D:3      | Reached skill level 8 in Axes
  2739 | D:3      | Noticed theblackcape's ghost (amateur GnWn)
  3091 | D:4      | Reached XP level 6. HP: 17/51 MP: 6/6
  3475 | D:4      | Reached skill level 9 in Axes
  3970 | D:4      | Reached skill level 10 in Axes
  3970 | D:4      | Reached XP level 7. HP: 5/57 MP: 7/7
  4323 | D:4      | Noticed Ijyb
  4345 | D:4      | Killed Ijyb
  4550 | D:4      | Found a shadowy altar of Dithmenos.
  4599 | D:4      | Slain by an ogre

Skill      XL: |  1  2  3  4  5  6 |
---------------+-------------------+-----
Axes           | 5 6 7 8 10 | 10.1
Fighting       | |  3.6
Dodging        | |  2.4
Stealth        | |  1.5

Action                   |  1- 3 |  4- 6 |  7- 9 || total
-------------------------+-------+-------+-------++-------
Melee: Hand axe          |   100 |   244 |    36 ||   380
  Use: Potion            |       |     8 |       ||     8
 Stab: Sleeping          |       |     4 |       ||     4
  Eat: Chunk             |     1 |     5 |     2 ||     8
       Ration            |       |     1 |       ||     1
Armor: Leather armour    |    33 |    35 |       ||    68
       Robe              |     2 |       |       ||     2
Dodge: Dodged            |    79 |   109 |    10 ||   198
